General information
- name: BNet
- type: Ladder team game (AT/RT)
- host: Battle.net
- saver: StopHAMMERTIME
map: Deadlands
- players: 8
- length: 32:58
- speed: Fast
- version: 1.27 W3XP
- replay type: Public
» download(217 KB)
Players
team 1 (winner)
Greenling (
orange | 24 APM | 764 actions | 32:03)
7 Tauren Chieftain
3 War Stomp
3 Endurance Aura
1 Reincarnation
» actions
| Assign group hotkey | 10 | |
| Basic commands | 44 | |
| Build / train | 54 | |
| Enter build submenu | 28 | |
| Enter hero's abilities submenu | 7 | |
| Give item / drop item | 1 | |
| Right click | 245 | |
| Select / deselect | 293 | |
| Select group hotkey | 24 | |
| Use ability | 57 | |
764 total
» units
| Peon | 16 | |
| Troll Headhunter/Berserker | 4 | |
| Grunt | 2 | |
| Troll Batrider | 5 | |
| Shaman | 3 | |
| Tauren | 3 | |
| Troll Witch Doctor | 1 | |
34 total
» upgrades
| Shaman Training | 2 | |
| Witch Doctor Training | 2 | |
| Armor | 2 | |
| Melee Weapons | 2 | |
8 total
» buildings
| Altar of Storms | 1 | |
| Orc Burrow | 9 | |
| War Mill | 2 | |
| Barracks | 2 | |
| Stronghold | 1 | |
| Beastiary | 2 | |
| Voodoo Lounge | 1 | |
| Fortress | 1 | |
| Spirit Lodge | 2 | |
| Great Hall | 2 | |
| Tauren Totem | 2 | |
25 total
» build order
00:23 Altar of Storms
00:37 Orc Burrow
00:55 War Mill
01:57 Barracks
02:03 Orc Burrow
02:24 Barracks
02:47 Orc Burrow
03:12 Stronghold
05:51 Beastiary
05:52 Beastiary
06:49 Voodoo Lounge
06:55 Fortress
06:59 Orc Burrow
07:19 Orc Burrow
07:24 Orc Burrow
09:26 Orc Burrow
10:31 Spirit Lodge
10:34 Spirit Lodge
12:06 Great Hall
13:32 Tauren Totem
17:19 War Mill
17:50 Tauren Totem
19:06 Great Hall
20:01 Orc Burrow
20:49 Orc Burrow
» items
| Scroll of Town Portal | 1 | |
| Orb of Lightning | 1 | |
2 total
cosoodjaon (
blue | 74 APM | 2435 actions | 32:58)
5 Blood Mage
3 Flame Strike
2 Siphon Mana
» actions
| Assign group hotkey | 55 | |
| Basic commands | 147 | |
| Build / train | 153 | |
| ESC pressed | 11 | |
| Enter build submenu | 51 | |
| Enter hero's abilities submenu | 5 | |
| Give item / drop item | 1 | |
| Right click | 673 | |
| Select / deselect | 334 | |
| Select group hotkey | 862 | |
| Use ability | 143 | |
2435 total
» units
| Peasant | 18 | |
| Footman | 6 | |
| Goblin Shredder | 4 | |
| Sorceress | 2 | |
| Gryphon Rider | 8 | |
| Goblin Sapper | 6 | |
| Dragonhawk Rider | 2 | |
46 total
» upgrades
| Masonry | 4 | |
| Sorceress Training | 2 | |
| Swords | 3 | |
| Animal War Training | 1 | |
| Storm Hammers | 1 | |
| Armor | 3 | |
| Cloud | 1 | |
15 total
» buildings
| Altar of Kings | 1 | |
| Barracks | 1 | |
| Farm | 10 | |
| Lumber Mill | 1 | |
| Arcane Vault | 1 | |
| Keep | 3 | |
| Scout Tower | 26 | |
| Blacksmith | 1 | |
| Guard Tower | 41 | |
| Arcane Sanctum | 1 | |
| Castle | 3 | |
| Town Hall | 3 | |
| Gryphon Aviary | 2 | |
94 total
» build order
01:10 Altar of Kings
01:12 Barracks
01:15 Farm
01:18 Farm
01:24 Farm
02:20 Lumber Mill
02:24 Farm
02:30 Arcane Vault
03:41 Farm
03:51 Farm
04:40 Farm
05:08 Keep
05:08 Keep
05:09 Keep
06:29 Scout Tower
06:30 Scout Tower
06:32 Scout Tower
06:38 Blacksmith
07:03 Guard Tower
07:03 Guard Tower
07:03 Guard Tower
07:04 Guard Tower
07:04 Guard Tower
07:05 Guard Tower
07:05 Guard Tower
07:05 Guard Tower
07:05 Guard Tower
08:11 Scout Tower
08:11 Scout Tower
08:12 Scout Tower
08:13 Scout Tower
08:14 Scout Tower
08:56 Guard Tower
08:56 Guard Tower
09:01 Arcane Sanctum
09:10 Guard Tower
09:10 Guard Tower
09:10 Guard Tower
10:16 Scout Tower
10:16 Scout Tower
10:17 Scout Tower
10:18 Scout Tower
10:19 Scout Tower
10:23 Castle
10:23 Castle
10:29 Scout Tower
11:09 Guard Tower
11:13 Guard Tower
11:13 Guard Tower
11:13 Guard Tower
11:13 Guard Tower
11:18 Guard Tower
11:18 Guard Tower
11:18 Guard Tower
12:09 Town Hall
13:17 Scout Tower
13:20 Scout Tower
13:21 Scout Tower
13:48 Gryphon Aviary
13:51 Gryphon Aviary
14:19 Guard Tower
14:20 Guard Tower
19:59 Farm
20:00 Farm
20:04 Farm
21:27 Town Hall
22:42 Scout Tower
22:42 Scout Tower
22:44 Scout Tower
22:46 Scout Tower
22:48 Scout Tower
24:08 Guard Tower
24:08 Guard Tower
24:09 Guard Tower
24:09 Guard Tower
26:31 Town Hall
26:34 Scout Tower
26:34 Scout Tower
26:35 Scout Tower
26:37 Scout Tower
28:07 Guard Tower
28:08 Guard Tower
» items
| Scroll of Regeneration | 5 | |
| Mechanical Critter | 3 | |
| Periapt of Vitality | 1 | |
| Scroll of Town Portal | 2 | |
| Staff of Teleportation | 1 | |
| Potion of Invisibility | 2 | |
| Lesser Clarity Potion | 4 | |
| Potion of Healing | 1 | |
19 total

»
Dxom (
green | 56 APM | 1742 actions | 30:56)
5 Blademaster
3 Wind Walk
2 Critical Strike
5 Shadow Hunter
2 Healing Wave
3 Hex
» actions
| Assign group hotkey | 43 | |
| Basic commands | 77 | |
| Build / train | 74 | |
| Enter build submenu | 21 | |
| Enter hero's abilities submenu | 10 | |
| Give item / drop item | 3 | |
| Right click | 1190 | |
| Select / deselect | 253 | |
| Select group hotkey | 1 | |
| Use ability | 70 | |
1742 total
» units
| Peon | 17 | |
| Grunt | 2 | |
| Raider | 2 | |
| Wind Rider | 21 | |
| Troll Witch Doctor | 2 | |
44 total
» upgrades
| Ranged Weapons | 3 | |
| Ensnare | 1 | |
| Envenomed Spears | 1 | |
| Armor | 2 | |
| Witch Doctor Training | 1 | |
8 total
» buildings
| Orc Burrow | 6 | |
| Altar of Storms | 1 | |
| Barracks | 1 | |
| War Mill | 1 | |
| Voodoo Lounge | 1 | |
| Stronghold | 1 | |
| Great Hall | 1 | |
| Fortress | 1 | |
| Beastiary | 2 | |
| Spirit Lodge | 1 | |
| Watch Tower | 4 | |
20 total
» build order
00:08 Orc Burrow
00:12 Altar of Storms
01:21 Barracks
01:39 War Mill
01:57 Voodoo Lounge
02:36 Orc Burrow
03:12 Stronghold
03:49 Orc Burrow
04:56 Orc Burrow
05:46 Great Hall
06:32 Fortress
06:42 Orc Burrow
06:53 Beastiary
06:59 Beastiary
08:58 Spirit Lodge
12:04 Watch Tower
12:07 Watch Tower
12:09 Watch Tower
12:12 Watch Tower
15:21 Orc Burrow
» items
| Healing Salve | 2 | |
| Scroll of Speed | 1 | |
| Potion of Healing | 2 | |
| Orb of Lightning | 1 | |
| Scroll of Town Portal | 1 | |
| Potion of Mana | 1 | |
8 total
bugsbunny501 (
pink | 37 APM | 1174 actions | 32:08)
5 Paladin
3 Holy Light
1 Devotion Aura
1 Divine Shield
» actions
| Assign group hotkey | 9 | |
| Basic commands | 53 | |
| Build / train | 74 | |
| ESC pressed | 16 | |
| Enter build submenu | 27 | |
| Enter hero's abilities submenu | 5 | |
| Remove unit from queue | 1 | |
| Right click | 518 | |
| Select / deselect | 383 | |
| Select group hotkey | 41 | |
| Use ability | 47 | |
1174 total
» units
| Peasant | 17 | |
| Footman | 20 | |
| Knight | 4 | |
| Siege Engine | 5 | |
46 total
» upgrades
| Swords | 3 | |
| Plating | 2 | |
| Defend | 1 | |
| Lumber Harvesting | 1 | |
| Animal War Training | 1 | |
| Barrage | 1 | |
| Gunpowder | 2 | |
11 total
» buildings
| Barracks | 3 | |
| Farm | 13 | |
| Altar of Kings | 1 | |
| Blacksmith | 1 | |
| Lumber Mill | 1 | |
| Keep | 1 | |
| Arcane Vault | 1 | |
| Town Hall | 1 | |
| Scout Tower | 3 | |
| Guard Tower | 3 | |
| Castle | 1 | |
| Workshop | 2 | |
31 total
» build order
00:21 Barracks
00:37 Farm
00:54 Barracks
01:19 Farm
02:19 Farm
02:50 Altar of Kings
03:22 Farm
04:03 Farm
04:16 Blacksmith
04:28 Lumber Mill
04:45 Farm
05:26 Farm
06:30 Keep
06:36 Arcane Vault
07:33 Town Hall
08:09 Barracks
10:08 Scout Tower
10:09 Scout Tower
10:10 Scout Tower
10:26 Farm
10:26 Farm
10:44 Guard Tower
11:02 Guard Tower
11:07 Castle
11:27 Guard Tower
11:37 Workshop
12:14 Farm
13:34 Farm
14:44 Workshop
15:58 Farm
15:58 Farm
» items
| Scroll of Town Portal | 1 | |
| Orb of Fire | 1 | |
2 total
team 2 (loser)
anime (
red | 85 APM | 1585 actions | 18:40)
2 Shadow Hunter
1 Hex
1 Healing Wave
» actions
| Assign group hotkey | 27 | |
| Build / train | 66 | |
| Enter build submenu | 21 | |
| Enter hero's abilities submenu | 2 | |
| Remove unit from queue | 1 | |
| Right click | 885 | |
| Select / deselect | 248 | |
| Select group hotkey | 286 | |
| Use ability | 49 | |
1585 total
» units
» upgrades
| Melee Weapons | 2 | |
| Armor | 2 | |
| Ensnare | 1 | |
5 total
» buildings
| Altar of Storms | 1 | |
| Barracks | 1 | |
| Orc Burrow | 7 | |
| War Mill | 1 | |
| Voodoo Lounge | 1 | |
| Stronghold | 5 | |
| Watch Tower | 3 | |
| Beastiary | 2 | |
| Fortress | 1 | |
22 total
» build order
00:20 Altar of Storms
00:50 Barracks
01:01 Orc Burrow
01:43 War Mill
02:00 Orc Burrow
02:47 Orc Burrow
03:15 Voodoo Lounge
03:56 Orc Burrow
04:28 Stronghold
04:28 Stronghold
04:29 Stronghold
05:11 Watch Tower
06:19 Watch Tower
07:24 Beastiary
07:29 Beastiary
08:19 Orc Burrow
09:15 Watch Tower
10:20 Orc Burrow
14:42 Fortress
15:11 Orc Burrow
» items
| Healing Salve | 1 | |
| Lesser Clarity Potion | 2 | |
| Scroll of Town Portal | 1 | |
4 total
StopHAMMERTIME (
teal | 62 APM | 2049 actions | 32:58)
9 Mountain King
3 Storm Bolt
3 Bash
1 Avatar
2 Thunder Clap
2 Shadow Hunter
1 Hex
1 Healing Wave
» actions
| Assign group hotkey | 71 | |
| Basic commands | 29 | |
| Build / train | 113 | |
| Enter build submenu | 98 | |
| Enter hero's abilities submenu | 12 | |
| Give item / drop item | 4 | |
| Remove unit from queue | 2 | |
| Right click | 727 | |
| Select / deselect | 413 | |
| Select group hotkey | 325 | |
| Use ability | 255 | |
2049 total
» units
| Peasant | 12 | |
| Footman | 4 | |
| Goblin Shredder | 1 | |
| Goblin Sapper | 2 | |
| Dragonhawk Rider | 3 | |
22 total
» upgrades
| Masonry | 3 | |
| Animal War Training | 1 | |
| Cloud | 1 | |
| Swords | 3 | |
| Armor | 3 | |
| Reinforced Defenses | 2 | |
| Storm Hammers | 1 | |
14 total
» buildings
| Altar of Kings | 1 | |
| Barracks | 1 | |
| Farm | 5 | |
| Scout Tower | 58 | |
| Arcane Tower | 1 | |
| Arcane Vault | 2 | |
| Keep | 1 | |
| Lumber Mill | 1 | |
| Town Hall | 2 | |
| Guard Tower | 25 | |
| Castle | 1 | |
| Gryphon Aviary | 4 | |
| Blacksmith | 2 | |
| Watch Tower | 32 | |
| War Mill | 1 | |
137 total
» build order
00:36 Altar of Kings
00:38 Barracks
00:50 Farm
00:52 Farm
01:05 Farm
01:33 Farm
01:57 Scout Tower
02:34 Arcane Tower
03:08 Arcane Vault
04:18 Keep
04:20 Lumber Mill
05:41 Town Hall
05:43 Scout Tower
05:44 Scout Tower
05:44 Scout Tower
05:45 Scout Tower
05:47 Arcane Vault
05:50 Scout Tower
05:54 Scout Tower
05:55 Scout Tower
06:12 Guard Tower
06:13 Guard Tower
06:16 Guard Tower
06:16 Guard Tower
06:16 Guard Tower
06:17 Guard Tower
06:19 Guard Tower
06:20 Guard Tower
06:20 Guard Tower
06:22 Guard Tower
06:22 Guard Tower
06:23 Guard Tower
09:49 Castle
09:54 Scout Tower
09:54 Scout Tower
09:55 Scout Tower
09:55 Scout Tower
09:58 Scout Tower
10:01 Scout Tower
10:02 Scout Tower
10:51 Guard Tower
10:55 Guard Tower
10:58 Scout Tower
10:59 Scout Tower
11:00 Scout Tower
11:00 Scout Tower
11:04 Scout Tower
11:52 Guard Tower
12:10 Scout Tower
12:10 Scout Tower
12:10 Scout Tower
13:08 Guard Tower
15:05 Gryphon Aviary
15:05 Gryphon Aviary
15:06 Gryphon Aviary
15:06 Gryphon Aviary
15:13 Blacksmith
15:15 Blacksmith
16:25 Scout Tower
16:25 Scout Tower
16:26 Scout Tower
16:26 Scout Tower
16:27 Scout Tower
16:29 Scout Tower
16:29 Scout Tower
16:30 Scout Tower
19:01 Farm
19:10 Guard Tower
20:38 Watch Tower
20:39 Watch Tower
20:40 Watch Tower
20:41 Watch Tower
20:50 Watch Tower
20:50 Watch Tower
20:51 Watch Tower
20:51 Watch Tower
20:51 Watch Tower
20:58 Watch Tower
20:59 Watch Tower
21:06 Watch Tower
21:06 Watch Tower
21:06 Watch Tower
21:07 Watch Tower
21:08 Watch Tower
21:09 Watch Tower
21:09 Watch Tower
21:10 Watch Tower
21:11 Watch Tower
21:11 Watch Tower
21:18 Watch Tower
21:18 Watch Tower
21:43 Scout Tower
21:43 Scout Tower
21:43 Scout Tower
21:43 Scout Tower
21:44 Scout Tower
21:45 Scout Tower
21:45 Scout Tower
21:46 Scout Tower
21:48 Scout Tower
21:49 Scout Tower
21:50 Scout Tower
21:50 Scout Tower
22:01 Scout Tower
22:02 Scout Tower
22:02 Scout Tower
22:02 Scout Tower
22:03 Scout Tower
22:03 Scout Tower
22:04 Scout Tower
22:04 Scout Tower
22:04 Scout Tower
22:04 Scout Tower
22:05 Scout Tower
22:05 Scout Tower
22:07 Scout Tower
22:07 Scout Tower
22:07 Scout Tower
22:46 War Mill
23:01 Guard Tower
23:04 Guard Tower
23:07 Guard Tower
23:27 Watch Tower
23:27 Watch Tower
23:28 Watch Tower
23:29 Watch Tower
23:36 Watch Tower
23:36 Watch Tower
23:37 Watch Tower
23:38 Watch Tower
23:38 Watch Tower
25:58 Guard Tower
29:15 Guard Tower
29:18 Guard Tower
32:06 Town Hall
» items
| Scroll of Regeneration | 10 | |
| Mechanical Critter | 4 | |
| Lesser Clarity Potion | 4 | |
| Boots of Speed | 1 | |
| Staff of Teleportation | 1 | |
| Potion of Mana | 3 | |
| Potion of Healing | 6 | |
| Scroll of Town Portal | 6 | |
35 total
Charbroiled (
yellow | 158 APM | 3126 actions | 19:46)
4 Mountain King
2 Storm Bolt
2 Bash
2 Paladin
1 Holy Light
1 Divine Shield
» actions
| Assign group hotkey | 35 | |
| Basic commands | 25 | |
| Build / train | 87 | |
| ESC pressed | 4 | |
| Enter build submenu | 39 | |
| Enter hero's abilities submenu | 6 | |
| Give item / drop item | 3 | |
| Right click | 1197 | |
| Select / deselect | 238 | |
| Select group hotkey | 1389 | |
| Use ability | 103 | |
3126 total
» units
| Peasant | 22 | |
| Rifleman | 11 | |
| Mortar Team | 4 | |
37 total
» upgrades
| Gunpowder | 1 | |
| Armor | 3 | |
| Masonry | 2 | |
| Lumber Harvesting | 1 | |
| Long Rifles | 1 | |
| Flare | 1 | |
| Magic Sentry | 1 | |
| Fragmentation Shards | 1 | |
11 total
» buildings
| Farm | 10 | |
| Altar of Kings | 1 | |
| Blacksmith | 1 | |
| Barracks | 1 | |
| Scout Tower | 14 | |
| Arcane Tower | 7 | |
| Arcane Vault | 2 | |
| Lumber Mill | 1 | |
| Keep | 1 | |
| Town Hall | 1 | |
| Guard Tower | 2 | |
| Workshop | 2 | |
| Arcane Sanctum | 1 | |
| Castle | 1 | |
45 total
» build order
00:54 Farm
01:10 Altar of Kings
01:21 Farm
01:25 Blacksmith
01:35 Farm
01:39 Barracks
02:12 Scout Tower
02:40 Farm
02:41 Arcane Tower
02:46 Arcane Vault
03:54 Farm
04:51 Lumber Mill
05:08 Scout Tower
05:10 Scout Tower
05:16 Keep
05:38 Arcane Tower
06:41 Farm
06:46 Town Hall
06:48 Scout Tower
07:04 Scout Tower
07:28 Scout Tower
08:12 Arcane Vault
08:13 Guard Tower
08:14 Farm
08:24 Workshop
09:31 Farm
10:15 Arcane Sanctum
10:30 Farm
11:08 Scout Tower
11:17 Workshop
11:41 Arcane Tower
11:47 Scout Tower
11:51 Scout Tower
11:54 Scout Tower
12:00 Scout Tower
12:15 Castle
12:55 Arcane Tower
13:24 Guard Tower
14:19 Scout Tower
15:50 Arcane Tower
16:10 Arcane Tower
16:29 Scout Tower
16:57 Scout Tower
17:08 Arcane Tower
17:10 Farm
» items
| Scroll of Regeneration | 5 | |
| Potion of Healing | 3 | |
| Scroll of Town Portal | 4 | |
| Staff of Sanctuary | 1 | |
| Orb of Fire | 1 | |
| Lesser Clarity Potion | 1 | |
15 total

»
Clown_Lotion (
purple | 48 APM | 950 actions | 19:50)
4 Tauren Chieftain
1 War Stomp
2 Endurance Aura
1 Shockwave
1 Shadow Hunter
1 Healing Wave
» actions
| Assign group hotkey | 15 | |
| Basic commands | 1 | |
| Build / train | 74 | |
| Enter build submenu | 28 | |
| Enter hero's abilities submenu | 5 | |
| Give item / drop item | 4 | |
| Remove unit from queue | 1 | |
| Right click | 316 | |
| Select / deselect | 221 | |
| Select group hotkey | 208 | |
| Use ability | 77 | |
950 total
» units
| Peon | 14 | |
| Grunt | 2 | |
| Troll Headhunter/Berserker | 20 | |
| Goblin Shredder | 3 | |
| Shaman | 5 | |
| Troll Witch Doctor | 3 | |
47 total
» upgrades
| Ranged Weapons | 3 | |
| Shaman Training | 2 | |
| Witch Doctor Training | 2 | |
| Spiked Barricades | 1 | |
| Berserker Upgrade | 1 | |
| Troll Regeneration | 1 | |
10 total
» buildings
| Altar of Storms | 1 | |
| Orc Burrow | 6 | |
| Barracks | 1 | |
| Voodoo Lounge | 1 | |
| War Mill | 1 | |
| Stronghold | 1 | |
| Great Hall | 1 | |
| Watch Tower | 12 | |
| Spirit Lodge | 2 | |
| Fortress | 1 | |
27 total
» build order
00:13 Altar of Storms
00:25 Orc Burrow
00:43 Barracks
01:54 Voodoo Lounge
02:11 Orc Burrow
02:50 War Mill
04:05 Stronghold
05:34 Orc Burrow
06:13 Great Hall
06:53 Watch Tower
07:45 Watch Tower
08:06 Watch Tower
08:12 Spirit Lodge
08:44 Watch Tower
09:36 Watch Tower
09:39 Fortress
10:00 Watch Tower
11:57 Watch Tower
11:59 Watch Tower
12:05 Watch Tower
12:09 Watch Tower
14:09 Orc Burrow
15:07 Orc Burrow
15:54 Watch Tower
16:06 Watch Tower
16:40 Spirit Lodge
17:16 Orc Burrow
» items
| Healing Salve | 2 | |
| Lesser Clarity Potion | 1 | |
| Scroll of Town Portal | 1 | |
| Orb of Lightning | 1 | |
| Potion of Healing | 1 | |
6 total
Chat log
(01:29 / Allies) Charbroiled: rifs
(02:26 / Allies) Clown_Lotion: hh cast
(06:23 / All) cosoodjaon: wow good maphack
(06:32 / All) Charbroiled: where would expos be stupid?
(06:43 / All) cosoodjaon: behind your tree line
(06:48 / All) cosoodjaon: that's where I put them when I play elf
(06:56 / All) cosoodjaon: and they win me the game rather than get me gold
(06:57 / All) Charbroiled: stupid
(06:58 / All) cosoodjaon: are you retarded
(09:29 / All) cosoodjaon: very good, come as soon as I start towers
(09:40 / All) Charbroiled: qq
(09:42 / All) cosoodjaon: very legitimate
(09:48 / All) Charbroiled: thanks stupid
(09:51 / All) cosoodjaon: I saw through my maphack you coming as soon as I started upgrading them
(09:57 / All) Charbroiled: qq
(10:41 / All) cosoodjaon: lol
(11:15 / Allies) Clown_Lotion: wood teal?
(12:16 / Allies) Clown_Lotion: wood?
(12:35 / Allies) anime: omw yellow
(12:43 / Allies) anime: fuck this guy
(13:03 / All) cosoodjaon: LOL militia
(13:05 / All) Charbroiled: qq
(13:22 / Allies) anime: main
(13:54 / Allies) anime: main
(14:21 / Allies) Charbroiled: wood
(14:31 / Allies) Charbroiled: wood pls
(14:46 / Allies) Charbroiled: ty
(14:49 / Allies) Clown_Lotion: np
(14:49 / Allies) Charbroiled: more if can
(16:59 / Allies) StopHAMMERTIME: fight whatf
(17:16 / Allies) StopHAMMERTIME: fucking retard red
(17:38 / Allies) StopHAMMERTIME: why would you leave that fight where we had numerical superioity?
(17:55 / All) cosoodjaon: whata the fuck is yous guys problem with me
(18:09 / All) cosoodjaon: hit someone else fuckers
(18:25 / All) cosoodjaon: ur shit in the way
(18:33 / Allies) Charbroiled: b
(18:33 / Allies) Charbroiled: b
(18:33 / Allies) Charbroiled: b
(18:38 / All) Charbroiled: qq
(18:42 / All) cosoodjaon: hit this nigger
(18:44 / All) bugsbunny501: gg
(18:46 / All) Charbroiled: qq
(19:12 / All) Greenling: gg
(19:14 / All) cosoodjaon: qq
(19:22 / All) Charbroiled: got carried nub
(19:26 / All) cosoodjaon: qq
(19:29 / All) bugsbunny501: gg
(19:35 / All) Charbroiled: gg bugs
(19:44 / All) Charbroiled: u carried blue he's happy
(25:35 / All) StopHAMMERTIME: SOTP
(25:37 / All) StopHAMMERTIME: HAMMER TIME
(27:49 / All) Greenling: lol
(27:52 / All) Greenling: nope
(28:01 / All) Greenling: seek help
(28:05 / All) Greenling: no joke
(28:21 / All) cosoodjaon: Pink says I'm fucked in the head but doesn't want to help me
(28:31 / All) bugsbunny501: i never said that
(28:31 / All) cosoodjaon: he says he makes more than me for a living, he might be a doctor but he doesn't want to help
(28:38 / All) bugsbunny501: your fucked up head is makin shit up again you see?
(28:49 / All) cosoodjaon: pink is trying to harm me, he must not have followed the hippocratic oath right
(29:00 / All) bugsbunny501: how am i trying to hurt you lol..
(29:10 / All) cosoodjaon: you're insulting me and saying mean words
(29:18 / All) cosoodjaon: how would you feel if I killed myself from this game
(29:21 / All) bugsbunny501: yea cuz u tked ya dumb fuck
(29:32 / All) cosoodjaon: my backstabbing just represents all the pain inside
(30:02 / All) cosoodjaon: LMAO
(30:05 / All) cosoodjaon: HE WALKED RIGHT INTO YOU
(30:10 / All) cosoodjaon: AFTER YOU SAID YOU WANTED TO KILL HIM
(30:53 / All) StopHAMMERTIME: STOP
(30:55 / All) StopHAMMERTIME: HAMMER TIME
(30:56 / All) cosoodjaon: That MK is sick
(30:59 / All) cosoodjaon: +20 and pendant of energy
(31:07 / All) StopHAMMERTIME: yeah too bad lopsided game
(31:17 / All) StopHAMMERTIME: that's why I request no blod mage lawl
(31:19 / All) StopHAMMERTIME: kills econ
(31:28 / All) Greenling: we almost won even with blue holding us back
(31:30 / All) StopHAMMERTIME: green was total hacker
(31:36 / All) cosoodjaon: Yellow might have hacked
(31:42 / All) cosoodjaon: I called him mh non-seriously at first
(31:53 / All) cosoodjaon: but he really did keep going for my towers at suspicious times, whenever I'd upgrade or make them
(31:58 / All) cosoodjaon: otherwise would stay at his base
(32:03 / All) cosoodjaon: and he moved peasants really fast
(32:04 / All) bugsbunny501: i think ur just fucked in the head
(32:11 / All) cosoodjaon: lol
(32:21 / All) cosoodjaon: My team lose or yours
(32:24 / All) cosoodjaon: both were stupid
(32:25 / All) StopHAMMERTIME: hmm
(32:27 / All) StopHAMMERTIME: let's stats
(32:34 / All) cosoodjaon: oj 147-143
(32:40 / All) cosoodjaon: green 26-30
(32:46 / All) StopHAMMERTIME: Let's let yellow lose
(32:47 / All) StopHAMMERTIME: familiar game
(32:50 / All) StopHAMMERTIME: familiar name*